[Event "Titled Tuesday Blitz January 04 2022"]
[White "Supatashvili, Khvicha"]
[Black "Altman, Joshua"]
[WhiteFideId "13600664"]
[BlackFideId "426210"]
[WhiteElo "2705"]
[BlackElo "1945"]
[Result "1-0"]
[Round "10"]
[TimeControl "180+1"]
[Date "2022.01.04"]
[WhiteClock "0:00:57"]
[BlackClock "0:00:05"]

1. d4 Nf6 2. c4 e6 3. Nf3 b6 4. e3 Bb7 5. Bd3 Bb4+ 6. Nbd2 O-O 7. O-O Bxd2 8. Nxd2 d6 9. b3 Nbd7 10. Bb2 c5 11. Re1 Qe7 12. Rc1 Rfd8 13. Qe2 Rac8 14. h3 h6 15. Nf3 Ne4 16. Red1 f5 17. Bb1 Ndf6 18. Nd2 Qf7 19. f3 Nxd2 20. Rxd2 Kh8 21. Rcd1 cxd4 22. Rxd4 Qe7 23. Ba3 Ne8 24. e4 e5 25. R4d2 f4 26. Bc2 Rd7 27. b4 Ba6 28. Bb3 Rcd8 29. Qf2 Nc7 30. c5 dxc5 31. Rxd7 Rxd7 32. Rxd7 Qxd7 33. bxc5 Nb5 34. cxb6 axb6 35. Qxb6 Qd4+ 36. Qxd4 Nxd4 37. Bd6 Nxb3 38. axb3 g5 39. Bxe5+ Kg8 40. Kf2 Kf7 41. Bd4 h5 42. h4 g4 43. Be5 Ke6 44. Bxf4 Bb7 45. b4 Bc6 46. Bd2 Bb7 47. Ke3 gxf3 48. gxf3 Bc6 49. f4 Kf7 50. Bc3 Bb7 51. f5 Bc8 52. Kf4 Bb7 53. e5 Bd5 54. e6+ Ke7 55. Ke5 Bc4 56. f6+ Ke8 57. Bd4 Kf8 58. Bc5+ Kg8 59. f7+ Kh7 60. f8=Q Bxe6 61. Qe7+ Kh8 62. Kf6 Bf7 63. Qf8+ Kh7 64. Qg7# 1-0


[Site "https://www.chess.com"]

[Event "Titled Tuesday Blitz January 04 2022"]
[White "Svane, Rasmus"]
[Black "Maksimovic, Bojan"]
[WhiteFideId "4657101"]
[BlackFideId "14408120"]
[WhiteElo "2645"]
[BlackElo "2450"]
[Result "1-0"]
[Round "10"]
[TimeControl "180+1"]
[Date "2022.01.04"]
[WhiteClock "0:00:46"]
[BlackClock "0:00:01"]

1. Nf3 Nf6 2. g3 g6 3. Bg2 Bg7 4. O-O O-O 5. d4 d5 6. c4 dxc4 7. Na3 c3 8. bxc3 c5 9. Ne5 Nc6 10. Nac4 Nxe5 11. Nxe5 Nd5 12. Bd2 Bxe5 13. dxe5 Nb6 14. Bh6 Re8 15. Qxd8 Rxd8 16. Rfd1 Bg4 17. Bxb7 Bxe2 18. Rxd8+ Rxd8 19. Be3 Rd7 20. Be4 Bd3 21. Bxd3 Rxd3 22. Bxc5 Rxc3 23. Bxe7 Nd5 24. Bg5 Kg7 25. Rd1 Rc5 26. Rd4 h6 27. Bd8 g5 28. Ra4 Rc8 29. Ba5 Rc5 30. Kf1 Kg6 31. Bd2 Rc2 32. Ke1 Rc7 33. g4 Re7 34. Kf1 Nb6 35. Ra5 Kh7 36. Bc3 Rd7 37. Ke2 Kg6 38. a4 Kg7 39. Ra6 Kh7 40. a5 Nd5 41. Bd2 Nf4+ 42. Bxf4 gxf4 43. Kf3 Kg7 44. Kxf4 Rd4+ 45. Kf5 Rd2 46. f4 Rxh2 47. Rxa7 Ra2 48. e6 Kg8 49. Rxf7 Rxa5+ 50. Kg6 Ra6 51. f5 Ra4 52. Rg7+ Kh8 53. Kf6 Ra8 54. Rg6 h5 55. gxh5 Rf8+ 56. Kg5 1-0


[Site "https://www.chess.com"]

[Event "Titled Tuesday Blitz January 04 2022"]
[White "Tsydypov, Zhamsaran"]
[Black "Xiong, Jeffery"]
[WhiteFideId "4108566"]
[BlackFideId "2047640"]
[WhiteElo "2614"]
[BlackElo "2727"]
[Result "0-1"]
[Round "10"]
[TimeControl "180+1"]
[Date "2022.01.04"]
[WhiteClock "0:00:02"]
[BlackClock "0:00:10"]

1. e4 c6 2. d4 d5 3. e5 Bf5 4. g4 Bd7 5. Nc3 e6 6. Be3 Qc7 7. f4 h5 8. gxh5 Nh6 9. Bh3 c5 10. Qd2 Nc6 11. Nf3 Na5 12. O-O-O Nc4 13. Qe2 Qa5 14. Nd2 Nxb2 15. Kxb2 Qb4+ 16. Nb3 c4 17. Bd2 a5 18. Ka1 cxb3 19. Nxd5 Qa3 20. cxb3 exd5 21. Bxd7+ Kxd7 22. Qb5+ Ke6 23. Qxb7 Rd8 24. Qb6+ Bd6 25. exd6 Rxd6 26. Qc7 Nf5 27. Rde1+ Kf6 28. Re5 Rf8 29. Qc2 Nxd4 30. Qd3 Ne6 31. Rc1 a4 32. Qf5+ Ke7 33. Rc7+ Kd8 34. Rb7 Kc8 0-1


[Site "https://www.chess.com"]

[Event "Titled Tuesday Blitz January 04 2022"]
[White "Tsyhanchuk, Stanislav"]
[Black "Liyanage, Ranindu Dilshan"]
[WhiteFideId "13505130"]
[BlackFideId "9915834"]
[WhiteElo "2078"]
[BlackElo "1858"]
[Result "0-1"]
[Round "10"]
[TimeControl "180+1"]
[Date "2022.01.04"]
[WhiteClock "0:00:01"]
[BlackClock "0:00:30"]

1. e4 c5 2. Nf3 Nc6 3. d4 cxd4 4. Nxd4 Nf6 5. Nc3 d6 6. Bg5 e6 7. Qd2 a6 8. O-O-O Bd7 9. f4 Be7 10. Nf3 h6 11. Bxf6 gxf6 12. Bc4 b5 13. Bb3 Qb6 14. Kb1 O-O-O 15. a4 Kb8 16. axb5 axb5 17. f5 Na5 18. Ba2 b4 19. Ne2 Rc8 20. Nf4 b3 21. cxb3 Nxb3 22. Qd3 Nc5 23. Qe3 Bc6 24. Nd2 Qb7 25. fxe6 fxe6 26. Nxe6 Nxe4 27. Nc4 f5 28. Na5 Qb4 29. Nxc6+ Rxc6 30. Qd4 Qxd4 31. Nxd4 Rb6 32. Rd3 Nf2 33. Rhd1 Nxd1 34. Rxd1 Bf6 35. Bd5 Rc8 36. Be6 Rc5 37. b3 f4 0-1


[Site "https://www.chess.com"]

[Event "Titled Tuesday Blitz January 04 2022"]
[White "Vokhidov, Shamsiddin"]
[Black "Hasangatin, Ramil"]
[WhiteFideId "14204223"]
[BlackFideId "4122160"]
[WhiteElo "2611"]
[BlackElo "2375"]
[Result "1-0"]
[Round "10"]
[TimeControl "180+1"]
[Date "2022.01.04"]
[WhiteClock "0:01:54"]
[BlackClock "0:00:28"]

1. e4 d5 2. exd5 Qxd5 3. Nc3 Qd6 4. d4 Nf6 5. Nf3 c6 6. Ne5 Nbd7 7. Nc4 Qc7 8. Qf3 Nb6 9. Bf4 Qd8 10. Be5 Be6 11. Nxb6 Qxb6 12. O-O-O O-O-O 13. Be2 Qa5 14. a3 Bg4 15. Qe3 Bxe2 16. Qxe2 e6 17. Qf3 Be7 18. Rhe1 Rhf8 19. Kb1 Ne8 20. Ne4 Qd5 21. Qe2 f6 22. Bg3 f5 23. Nc3 Qxg2 24. Qxe6+ Rd7 25. d5 f4 26. Rg1 Qf3 27. Rd3 Qh5 28. dxc6 1-0


[Site "https://www.chess.com"]

[Event "Titled Tuesday Blitz January 04 2022"]
[White "Wanyama, Harold"]
[Black "Panesar Vedant"]
[WhiteFideId "10000380"]
[BlackFideId "35033018"]
[WhiteElo "2301"]
[BlackElo "1971"]
[Result "0-1"]
[Round "10"]
[TimeControl "180+1"]
[Date "2022.01.04"]
[WhiteClock "0:00:33"]
[BlackClock "0:00:19"]

1. d4 Nf6 2. c4 e6 3. Nf3 d5 4. g3 Be7 5. Bg2 O-O 6. O-O dxc4 7. Qa4 a6 8. Qxc4 b5 9. Qc2 Bb7 10. Nbd2 Be4 11. Nxe4 Nbd7 12. Rd1 Rc8 13. Nxf6+ Nxf6 14. e4 c5 15. d5 exd5 16. exd5 Bd6 17. Nh4 c4 18. Nf5 Bc5 19. d6 Ng4 20. Rf1 Kh8 21. h3 Ne5 22. Qe4 Nd3 23. Qd5 Qd7 24. Be4 Nxf2 25. Rxf2 Qa7 26. Be3 Bxe3 27. Nxe3 Qxe3 28. Kg2 Rcd8 29. Rd1 Rfe8 30. Bc2 f6 31. Qf5 g6 32. Qxf6+ Kg8 33. Rdd2 Rf8 34. Qxf8+ Rxf8 35. Rxf8+ Kxf8 36. Rf2+ Ke8 37. Bd1 Qd4 38. Bf3 Qxd6 0-1


[Site "https://www.chess.com"]

[Event "Titled Tuesday Blitz January 04 2022"]
[White "Yaran, Siar"]
[Black "Sargsyan, Anna M."]
[WhiteFideId "6323006"]
[BlackFideId "13308130"]
[WhiteElo "1977"]
[BlackElo "2271"]
[Result "1-0"]
[Round "10"]
[TimeControl "180+1"]
[Date "2022.01.04"]
[WhiteClock "0:00:04"]
[BlackClock "0:00:02"]

1. e4 e5 2. Nf3 Nc6 3. Bc4 a6 4. d4 exd4 5. Nxd4 Ne5 6. Be2 g6 7. Nc3 Bg7 8. Be3 Ne7 9. Qd2 b5 10. Bh6 O-O 11. h4 Bxh6 12. Qxh6 Kh8 13. h5 Ng8 14. Qf4 Qf6 15. Qe3 c5 16. hxg6 fxg6 17. Nd5 Qf7 18. Nf3 Nxf3+ 19. gxf3 d6 20. O-O-O Bb7 21. Kb1 Rae8 22. Qc3+ Qg7 23. Nc7 Qxc3 24. bxc3 Re7 25. Nd5 Ref7 26. Ne3 Rd8 27. Rd2 Kg7 28. Rhd1 Rfd7 29. c4 Nf6 30. cxb5 a5 31. a4 Nh5 32. Bc4 Nf4 33. Nd5 Bxd5 34. Bxd5 Rb8 35. Bc6 Rf7 36. Rxd6 h5 37. Rg1 h4 38. Kb2 h3 39. Rh1 c4 40. e5 Rh8 41. Rh2 Re7 42. Rd7 Kf7 43. Rxe7+ Kxe7 44. Be4 Ke6 45. Kc3 Kxe5 46. Kxc4 g5 47. b6 Ne6 48. Kb5 Kd6 49. c4 Nc5 50. Bf5 g4 51. Bxg4 Rb8 52. Rxh3 Nd7 53. Rh6+ Ke7 54. Bxd7 1-0


[Site "https://www.chess.com"]

[Event "Titled Tuesday Blitz January 04 2022"]
[White "Aghasiyev, Kamal"]
[Black "Thavandiran, Shiyam"]
[WhiteFideId "13402854"]
[BlackFideId "2605058"]
[WhiteElo "2210"]
[BlackElo "2357"]
[Result "0-1"]
[Round "11"]
[TimeControl "180+1"]
[Date "2022.01.04"]
[WhiteClock "0:00:01"]
[BlackClock "0:00:05"]

1. d4 Nf6 2. c4 e6 3. Nc3 Bb4 4. e3 O-O 5. Bd2 b6 6. Nf3 Bb7 7. Rc1 d6 8. Bd3 Nbd7 9. a3 Bxc3 10. Bxc3 Ne4 11. O-O f5 12. d5 exd5 13. Nd4 Qe7 14. cxd5 Bxd5 15. Bb5 Bb7 16. Bc6 Bxc6 17. Nxc6 Qf7 18. Bd4 a5 19. b4 axb4 20. axb4 Ra2 21. Rc2 Rfa8 22. Rxa2 Rxa2 23. f3 Nef6 24. Qb1 g6 25. e4 Re2 26. exf5 Qd5 27. Qd1 Re8 28. Bxf6 Qxc6 29. Ba1 Qc4 30. fxg6 hxg6 31. Qd2 Ne5 32. Qg5 Qe6 33. f4 Ng4 34. f5 Qe3+ 35. Qxe3 Nxe3 36. Rc1 Nxf5 37. Rxc7 Re1+ 38. Kf2 Rxa1 39. g4 Nd4 40. h4 Ne6 41. Rb7 Rd1 42. Rxb6 Rd4 43. h5 g5 44. Kf3 Kg7 0-1


[Site "https://www.chess.com"]

[Event "Titled Tuesday Blitz January 04 2022"]
[White "Andreikin, Dmitry"]
[Black "Jobava, Baadur"]
[WhiteFideId "4158814"]
[BlackFideId "13601520"]
[WhiteElo "2736"]
[BlackElo "2617"]
[Result "0-1"]
[Round "11"]
[TimeControl "180+1"]
[Date "2022.01.04"]
[WhiteClock "0:00:01"]
[BlackClock "0:00:43"]

1. d4 d5 2. c4 dxc4 3. e3 e5 4. Bxc4 exd4 5. exd4 Nf6 6. Nf3 Bd6 7. O-O O-O 8. Nc3 Bg4 9. h3 Bh5 10. g4 Bg6 11. Ne5 Nc6 12. f4 Nd7 13. Nxc6 bxc6 14. f5 Qh4 15. Qf3 Bxf5 16. Be3 Bg6 17. Bf2 Qf6 18. Qg2 Rae8 19. a3 Nb6 20. Bb3 Bd3 21. Rfe1 Qg6 22. Kh1 h5 23. Rxe8 Rxe8 24. Qxc6 Re2 25. Rf1 Rxb2 26. Qe8+ Bf8 27. Bh4 Bxf1 28. Be7 Rxb3 29. Bxf8 Kh7 30. Ne4 Rxh3+ 31. Kg1 Qxg4+ 32. Kxf1 Qf3+ 33. Ke1 Rh1+ 34. Kd2 Rd1+ 35. Kc2 Qd3+ 36. Kb2 Nc4+ 37. Ka2 Qb1# 0-1


[Site "https://www.chess.com"]

[Event "Titled Tuesday Blitz January 04 2022"]
[White "Atakhan, Abtin"]
[Black "Kucuksari, Kaan"]
[WhiteFideId "22502203"]
[BlackFideId "6380166"]
[WhiteElo "2119"]
[BlackElo "2305"]
[Result "0-1"]
[Round "11"]
[TimeControl "180+1"]
[Date "2022.01.04"]
[WhiteClock "0:00:07"]
[BlackClock "0:00:03"]

1. e4 c6 2. d4 d5 3. exd5 cxd5 4. Nf3 Nf6 5. Ne5 Nc6 6. Bb5 Bd7 7. Nxd7 Qxd7 8. c3 h5 9. O-O h4 10. h3 g5 11. Bxg5 Rg8 12. Bxh4 Qxh3 13. Bg3 Qh6 14. Qa4 Ne4 15. Re1 f5 16. c4 Rh8 17. Kf1 Qh1+ 18. Ke2 Qxg2 19. Bxc6+ bxc6 20. Qxc6+ Kf7 21. Kd1 Rd8 22. cxd5 Rh6 23. Qc7 Qf3+ 24. Kc2 Rxd5 25. Nc3 Rxd4 26. Rad1 Rxd1 27. Rxd1 Nxc3 28. bxc3 Qe4+ 29. Kc1 Rc6 30. Qe5 Bh6+ 31. Kb2 Rb6+ 32. Ka1 Bg7 33. Qc5 Rc6 34. Qd5+ Qxd5 35. Rxd5 Rxc3 36. Kb1 Rc6 37. Rxf5+ Bf6 38. Ra5 a6 39. Ra4 Ke6 40. Re4+ Kd5 41. Re3 e6 42. Rd3+ Bd4 43. Rd2 e5 44. Rc2 Rb6+ 45. Kc1 Ke4 46. Kd1 Kd3 47. Rd2+ Ke4 48. Rc2 Kf3 49. Rc8 Rb2 50. Rf8+ Ke4 51. Kc1 Kd3 52. Re8 Rc2+ 53. Kb1 Re2 54. Rc8 Re1+ 55. Rc1 Rxc1+ 56. Kxc1 Ke2 57. Kc2 e4 58. a4 Bxf2 59. Be5 Kf3 60. Kd2 e3+ 61. Kd3 e2 62. Bc3 e1=Q 63. Bxe1 Bxe1 64. Kc4 a5 65. Kc5 Bb4+ 66. Kc4 Ke4 67. Kb3 Kd4 68. Ka2 Kc3 69. Ka1 Kb3 70. Kb1 Kxa4 71. Ka1 Kb3 72. Kb1 a4 73. Ka1 a3 74. Kb1 a2+ 75. Ka1 Bc3# 0-1


[Site "https://www.chess.com"]

[Event "Titled Tuesday Blitz January 04 2022"]
[White "Azadaliyev, Jahandar"]
[Black "Godzwon, Iwo"]
[WhiteFideId "13425811"]
[BlackFideId "21802483"]
[WhiteElo "1795"]
[BlackElo "2201"]
[Result "0-1"]
[Round "11"]
[TimeControl "180+1"]
[Date "2022.01.04"]
[WhiteClock "0:00:16"]
[BlackClock "0:00:36"]

1. d4 Nf6 2. c4 e6 3. g3 c5 4. Nf3 cxd4 5. Nxd4 Bb4+ 6. Nd2 Nc6 7. Nf3 d5 8. cxd5 Nxd5 9. Bg2 O-O 10. O-O e5 11. Nc4 f6 12. Nfxe5 Be6 13. Nxc6 bxc6 14. a3 Be7 15. Bd2 Qb8 16. Rc1 Rd8 17. Qc2 Qb5 18. Ne3 Rac8 19. Nc4 Bf7 20. Rfd1 Nb6 21. Nxb6 axb6 22. Bc3 Rxd1+ 23. Qxd1 Rd8 24. Qe1 c5 25. e4 Bb3 26. Qe3 Qd3 27. Qf4 b5 28. Bf1 Qd7 29. e5 f5 30. Re1 Be6 31. Re2 Qb7 32. Rd2 Rxd2 33. Qxd2 b4 34. axb4 cxb4 35. Bd4 Qe4 36. f4 b3 37. Bg2 Qc2 38. Qxc2 bxc2 39. Be3 Bc5 40. Kf2 c1=Q 0-1


[Site "https://www.chess.com"]

[Event "Titled Tuesday Blitz January 04 2022"]
[White "Bellahcene, Bilel"]
[Black "Maksimovic, Bojan"]
[WhiteFideId "696358"]
[BlackFideId "14408120"]
[WhiteElo "2562"]
[BlackElo "2450"]
[Result "0-1"]
[Round "11"]
[TimeControl "180+1"]
[Date "2022.01.04"]
[WhiteClock "0:00:15"]
[BlackClock "0:00:17"]

1. e4 c5 2. Nf3 Nc6 3. d4 cxd4 4. Nxd4 Nf6 5. Nc3 e5 6. Ndb5 h6 7. Nd6+ Bxd6 8. Qxd6 Qe7 9. Qd1 d6 10. Bc4 O-O 11. O-O Be6 12. Bd5 Rac8 13. a3 Bxd5 14. Nxd5 Nxd5 15. Qxd5 Nd4 16. c3 Rc5 17. Qa2 Ne2+ 18. Kh1 Nxc1 19. Raxc1 Qe6 20. Qxe6 fxe6 21. Rcd1 Rd8 22. Rfe1 Rc4 23. f3 Kf7 24. Kg1 Ke7 25. Kf2 b5 26. Rd2 a5 27. Re3 Ra8 28. Red3 Ra6 29. Rc2 b4 30. axb4 axb4 31. b3 Rc8 32. c4 Ra1 33. Rcd2 Rc6 34. Kg3 g6 35. h4 Raa6 36. Kg4 Kf6 37. g3 Ke7 38. Kh3 Ra1 39. Kg2 Rc1 40. Kf2 Ra6 41. Kg2 Rb1 42. Kf2 Rc1 43. g4 Rh1 44. Kg3 Rb1 45. g5 h5 46. Kf2 Rc6 47. Kg3 Ra1 48. Kf2 Ra5 49. Kg3 Kd7 50. Kg2 Kc7 51. Kf2 Ra8 52. Kg3 Ra5 53. Kg2 Ra1 54. Kg3 Rg1+ 55. Kf2 Rh1 56. Kg3 Ra6 57. Re2 Rc1 58. Red2 Rb1 59. Kg2 Rba1 60. Re2 R1a2 61. Re3 Rxe2+ 62. Rxe2 Kc6 63. Kf2 Kc5 64. Ke3 Ra1 65. f4 exf4+ 66. Kxf4 Rb1 67. Re3 Rf1+ 68. Kg3 Kd4 69. Re2 Rb1 70. Rf2 Rxb3+ 71. Kg2 Kxe4 72. Rf6 Ke5 73. Rxg6 Ra3 74. Rf6 b3 75. Rf2 Ra2 76. g6 Rxf2+ 77. Kxf2 Kf6 78. c5 dxc5 79. g7 Kxg7 80. Ke3 b2 81. Kd3 b1=Q+ 82. Kc4 Qf5 83. Kb5 Kf7 84. Kc6 Kf8 85. Kb5 Kg8 86. Kb6 Kh8 87. Kc6 Kh7 88. Kb5 Kh6 0-1


[Site "https://www.chess.com"]

[Event "Titled Tuesday Blitz January 04 2022"]
[White "Bodnar, Nikolay"]
[Black "Efimenko, Zahar"]
[WhiteFideId "14106469"]
[BlackFideId "14107201"]
[WhiteElo "2296"]
[BlackElo "2528"]
[Result "1/2-1/2"]
[Round "11"]
[TimeControl "180+1"]
[Date "2022.01.04"]
[WhiteClock "0:00:30"]
[BlackClock "0:00:06"]

1. Nf3 d6 2. c4 e5 3. Nc3 f5 4. d4 e4 5. Ng5 Be7 6. Nh3 Nf6 7. f3 O-O 8. Bg5 c6 9. e3 Na6 10. Qb3 Kh8 11. O-O-O Nc7 12. Nf4 Ne6 13. Nxe6 Bxe6 14. Bxf6 Bxf6 15. fxe4 Bg5 16. Re1 b5 17. d5 bxc4 18. Bxc4 Bd7 19. Kb1 Rb8 20. Qc2 Qa5 21. exf5 Bxf5 22. Bd3 Bf6 23. Rc1 Bxd3 24. Qxd3 cxd5 25. Ka1 Rb6 26. Rc2 Rfb8 27. Rhc1 h6 28. g3 Ra6 29. a3 Rab6 30. Ka2 Rb3 31. Qd2 a6 32. Nd1 Qb5 33. Nc3 Qc4 34. Ka1 Qc5 35. Ka2 Qc4 36. Ka1 Qc5 37. Ka2 Qc4 1/2-1/2


[Site "https://www.chess.com"]

[Event "Titled Tuesday Blitz January 04 2022"]
[White "Chizhikov, Vladislav"]
[Black "Vakhlamov, Igor L."]
[WhiteFideId "4178157"]
[BlackFideId "24126748"]
[WhiteElo "2120"]
[BlackElo "2401"]
[Result "1-0"]
[Round "11"]
[TimeControl "180+1"]
[Date "2022.01.04"]
[WhiteClock "0:00:41"]
[BlackClock "0:00:01"]

1. e4 c5 2. Nf3 Nc6 3. b3 Nf6 4. e5 Nd5 5. Bb2 d6 6. c4 Nc7 7. d4 cxd4 8. exd6 Qxd6 9. Nxd4 Nxd4 10. Qxd4 Qxd4 11. Bxd4 b6 12. Nc3 Bb7 13. O-O-O O-O-O 14. Be2 f6 15. Bg4+ e6 16. Bh3 Ba3+ 17. Kc2 Kb8 18. f4 h5 19. Be3 Bc6 20. Rxd8+ Rxd8 21. Rd1 Rxd1 22. Kxd1 Bb4 23. Kc2 Kb7 24. g3 a6 25. Bf1 Bf3 26. Bd3 Kc6 27. Bg6 Bd6 28. Ne4 Be7 29. Nd2 Bg4 30. Be4+ Kd7 31. Bxb6 f5 32. Bb7 g5 33. fxg5 Bxg5 34. b4 e5 35. a4 h4 36. b5 axb5 37. cxb5 Be2 38. Kc3 hxg3 39. hxg3 e4 40. Nc4 Bf6+ 41. Kb4 Be7+ 42. Bc5 Bg5 43. Bc6+ Kc8 44. Nd6+ Kb8 45. Nxf5 Bd2+ 46. Ka3 Bc1+ 47. Ka2 Bd2 48. Ne3 Bd3 49. g4 Ne6 50. Bb6 Bb4 51. a5 Nc5 52. a6 Nxa6 53. bxa6 Bxa6 54. Bxe4 Be7 55. Bf5 Kb7 56. Bd4 Kc6 57. Kb3 Be2 58. Kc3 Bg5 59. Be4+ Kd6 60. Nc4+ Ke6 61. Bf5+ Kd5 62. Ne3+ Kd6 63. Ba7 Kc7 64. Nd5+ Kd6 65. Kd4 Bf3 66. Bb8+ Kc6 67. Nc3 Bf6+ 68. Be5 Bg5 69. Ne4 Bd8 70. g5 Bh5 71. g6 Be7 72. g7 Bf7 73. Bh7 Ba3 74. Ke3 Be7 75. Bf6 Bb4 76. Kf4 Kd5 77. Ng5 1-0


[Site "https://www.chess.com"]

[Event "Titled Tuesday Blitz January 04 2022"]
[White "Daggupati, Balaji"]
[Black "Bortnyk, Olexandr"]
[WhiteFideId "2090759"]
[BlackFideId "14120828"]
[WhiteElo "2674"]
[BlackElo "2723"]
[Result "0-1"]
[Round "11"]
[TimeControl "180+1"]
[Date "2022.01.04"]
[WhiteClock "0:00:02"]
[BlackClock "0:00:26"]

1. e4 Nf6 2. e5 Nd5 3. d4 d6 4. c4 Nb6 5. exd6 exd6 6. Nc3 Be7 7. Be2 O-O 8. Nf3 Bg4 9. O-O Nc6 10. d5 Bxf3 11. Bxf3 Ne5 12. b3 Bg5 13. Ne4 Bxc1 14. Rxc1 Qh4 15. g3 Qh6 16. Bg2 f5 17. f4 Ng4 18. h3 Ne3 19. Qd3 Nxf1 20. Ng5 Nxg3 21. Qxg3 Nd7 22. Ne6 Rfc8 23. Kh2 Nf8 24. Nd4 Qf6 25. Qd3 Re8 26. Nxf5 g6 27. Ng3 Qxf4 28. Rf1 Re3 29. Rxf4 Rxd3 30. Rf2 Re8 31. Ne4 Nd7 32. Ng5 Ne5 33. Ne6 c5 34. Rb2 Re7 35. Be4 Re3 36. Bg2 Rf7 37. Nd8 Nf3+ 38. Kg3 Nd2+ 39. Kh2 Rf2 40. Kg1 Ree2 41. Bh1 Rf1# 0-1


[Site "https://www.chess.com"]

[Event "Titled Tuesday Blitz January 04 2022"]
[White "Danada, Tomas"]
[Black "Murzin, Volodar"]
[WhiteFideId "14919362"]
[BlackFideId "44155573"]
[WhiteElo "2051"]
[BlackElo "2585"]
[Result "1-0"]
[Round "11"]
[TimeControl "180+1"]
[Date "2022.01.04"]
[WhiteClock "0:00:21"]
[BlackClock "0:00:01"]

1. d4 Nf6 2. c4 g6 3. Nc3 Bg7 4. e4 O-O 5. Nf3 d6 6. Be2 e5 7. O-O Nc6 8. d5 Ne7 9. Ne1 Nd7 10. Be3 f5 11. f3 f4 12. Bf2 g5 13. Rc1 Rf6 14. Nd3 Ng6 15. c5 a6 16. Qb3 Rb8 17. Rfd1 Bf8 18. Na4 Kh8 19. h3 h5 20. Kf1 Nh4 21. Qc3 Rg6 22. Bxh4 gxh4 23. Nxf4 Rg3 24. Ne6 Qf6 25. Nxf8 Nxf8 26. cxd6 cxd6 27. Qc7 Qg5 28. Qxd6 Be6 29. Qxb8 Rxg2 30. Qxf8+ Bg8 31. Qc5 Qg3 32. Qe3 Kg7 33. Rc7+ Kg6 34. Qb6+ Kg5 35. Rg7+ 1-0


[Site "https://www.chess.com"]

[Event "Titled Tuesday Blitz January 04 2022"]
[White "Darini, Pouria"]
[Black "Tsydypov, Zhamsaran"]
[WhiteFideId "12502200"]
[BlackFideId "4108566"]
[WhiteElo "2489"]
[BlackElo "2614"]
[Result "0-1"]
[Round "11"]
[TimeControl "180+1"]
[Date "2022.01.04"]
[WhiteClock "0:00:02"]
[BlackClock "0:00:36"]

1. d4 Nf6 2. Bf4 c5 3. e3 Qb6 4. Nc3 d6 5. Rb1 g6 6. Nf3 Bg7 7. Bb5+ Bd7 8. Bxd7+ Nbxd7 9. O-O O-O 10. h3 Qa6 11. a3 Rfc8 12. Re1 b5 13. Qe2 c4 14. e4 e6 15. Bxd6 Qxd6 16. e5 Qb6 17. exf6 Nxf6 18. Rbd1 Rd8 19. Ne4 Nxe4 20. Qxe4 Rd5 21. c3 a5 22. Ra1 Rad8 23. Qe2 Rc8 24. Qe4 b4 25. axb4 axb4 26. Qe2 Ra5 27. Rxa5 Qxa5 28. cxb4 Qxb4 29. Rc1 Qb3 30. Rc3 Qa2 31. Ne5 Bxe5 32. dxe5 Kg7 33. Qc2 Rb8 34. Rf3 Rxb2 35. Qc3 Rb3 36. Qd4 Rxf3 37. gxf3 Qb3 38. Qf4 Qd3 39. Kg2 c3 40. Qf6+ Kg8 41. Qd8+ Qxd8 0-1


[Site "https://www.chess.com"]

[Event "Titled Tuesday Blitz January 04 2022"]
[White "Deac, Bogdan-Daniel"]
[Black "Nepomniachtchi, Ian"]
[WhiteFideId "1226380"]
[BlackFideId "4168119"]
[WhiteElo "2646"]
[BlackElo "2740"]
[Result "1/2-1/2"]
[Round "11"]
[TimeControl "180+1"]
[Date "2022.01.04"]
[WhiteClock "0:00:06"]
[BlackClock "0:00:10"]

1. e4 e5 2. Nf3 Nc6 3. Bb5 a6 4. Ba4 Nf6 5. O-O Be7 6. Re1 b5 7. Bb3 O-O 8. c3 d5 9. exd5 Nxd5 10. Nxe5 Nxe5 11. Rxe5 c6 12. d3 Bf6 13. Re1 a5 14. a3 Bf5 15. Bc2 Qd7 16. Nd2 Bg4 17. f3 Bh5 18. Ne4 Be5 19. d4 Bc7 20. Bg5 Rae8 21. Qd2 h6 22. Bh4 Bf4 23. Qd3 Bg6 24. Bg3 Qc7 25. Bxf4 Qxf4 26. g3 Qc7 27. Qd2 Bh5 28. f4 Re7 29. Nc5 Rfe8 30. Be4 Nb6 31. Qf2 a4 32. Bd3 Nc4 33. h3 Qc8 34. Kh2 Ne3 35. Ne4 Nd1 36. Qg2 Qc7 37. Raxd1 Bxd1 38. Rxd1 f5 39. Nc5 Re3 40. Qf2 g5 41. Rd2 h5 42. Bxf5 h4 43. gxh4 gxf4 44. Ne6 R8xe6 45. Bxe6+ Rxe6 46. Qf3 Re3 47. Qg4+ Kf8 48. Qf5+ Ke8 49. Kg1 Qg7+ 50. Kf1 Qg3 51. Qc8+ Ke7 52. Qc7+ Kf8 53. Qc8+ Kf7 54. Qf5+ Ke8 55. Qc8+ Ke7 56. Qc7+ Kf8 57. Qc8+ Kf7 58. Qf5+ Ke8 1/2-1/2


[Site "https://www.chess.com"]

[Event "Titled Tuesday Blitz January 04 2022"]
[White "Demchenko, Anton"]
[Black "Svane, Rasmus"]
[WhiteFideId "4160258"]
[BlackFideId "4657101"]
[WhiteElo "2539"]
[BlackElo "2645"]
[Result "0-1"]
[Round "11"]
[TimeControl "180+1"]
[Date "2022.01.04"]
[WhiteClock "0:00:06"]
[BlackClock "0:00:07"]

1. e4 e5 2. Nf3 Nc6 3. Bc4 Bc5 4. d3 Nf6 5. Bg5 h6 6. Bh4 Be7 7. Bg3 d6 8. a4 O-O 9. h3 g6 10. Nc3 Nh5 11. Bh2 Bg5 12. Nd5 Ne7 13. g4 Nf4 14. Bxf4 Bxf4 15. Nxf4 exf4 16. Qd2 g5 17. O-O-O Ng6 18. d4 Bd7 19. Rdg1 Qe7 20. Bd3 Bc6 21. Re1 Rae8 22. h4 gxh4 23. b3 Qf6 24. Rhg1 Qg7 25. g5 h5 26. Rh1 Re7 27. Nxh4 Qxd4 28. c3 Qc5 29. Nf5 Qa3+ 30. Qb2 Qxb2+ 31. Kxb2 Re5 32. Rxh5 Rfe8 33. Nh6+ Kg7 34. f3 d5 35. Reh1 dxe4 36. fxe4 Bxe4 37. Bxe4 Rxe4 38. Nf5+ Kg8 39. Nh6+ Kf8 40. Nf5 Re2+ 41. Ka3 f6 42. gxf6 Kf7 43. Rh6 Rg2 44. Nd4 c5 45. Nb5 Ree2 46. b4 c4 47. Nd6+ Kxf6 48. Nxc4 f3 49. R1h3 f2 50. Rf3+ Kg5 51. Rh7 Nh4 52. Rff7 Nf5 53. Rhg7+ Nxg7 54. Rxg7+ Kf6 55. Rxg2 f1=Q 56. Rxe2 Qxe2 57. Kb3 Qd1+ 58. Kb2 Ke6 59. a5 Qa4 60. Na3 b6 61. axb6 axb6 62. Nc2 Qd7 63. Nd4+ Kd5 64. Kb3 Qf7 65. Nc2 Ke4+ 66. Kb2 Kd3 67. Na3 Qf2+ 68. Kb3 Qd2 69. Nb5 Qc2+ 70. Ka3 Kc4 71. Nd6+ Kxc3 72. Nb5+ Kc4 73. Nd6+ Kd5 74. Nb5 Qd3+ 75. Ka4 Kc6 76. Na7+ Kb7 77. Nb5 Qc2+ 78. Ka3 Qf2 79. Kb3 Kc6 80. Nc3 b5 0-1


[Site "https://www.chess.com"]

[Event "Titled Tuesday Blitz January 04 2022"]
[White "Diaz Camallonga, Carles"]
[Black "Jary, Sergey"]
[WhiteFideId "22235256"]
[BlackFideId "14110350"]
[WhiteElo "2438"]
[BlackElo "2260"]
[Result "0-1"]
[Round "11"]
[TimeControl "180+1"]
[Date "2022.01.04"]
[WhiteClock "0:00:02"]
[BlackClock "0:00:31"]

1. e4 c5 2. Nf3 Nc6 3. d4 cxd4 4. Nxd4 g6 5. c4 Nf6 6. Nc3 d6 7. Be2 Nxd4 8. Qxd4 Bg7 9. Be3 O-O 10. Qd2 Be6 11. f3 Qa5 12. Rc1 Rfc8 13. b3 a6 14. Na4 Qxd2+ 15. Kxd2 Nd7 16. g4 Rab8 17. Nb6 Nxb6 18. Bxb6 Rc6 19. Be3 Rbc8 20. a4 Bb2 21. Rb1 Ba3 22. h4 Bb4+ 23. Kd1 f6 24. Bd3 Bc5 25. Bd2 Bd4 26. Ke2 b6 27. a5 bxa5 28. Bxa5 Kg7 29. Rhc1 Rb8 30. Bd2 h6 31. b4 Rcb6 32. Rb3 Bc5 33. Rcb1 Kf7 34. Kd1 a5 35. b5 a4 36. R3b2 a3 37. Ra2 g5 38. h5 Rxb5 39. Rxb5 Rxb5 40. Rxa3 Rb8 41. Ra2 Rc8 42. Bc3 Be3 43. Ra4 Bg1 44. Kc2 Kf8 45. Rb4 Ra8 46. Kb2 Bd7 47. Rb7 Bc6 48. Rc7 Rb8+ 49. Kc2 Ba4+ 50. Kd2 Bb6 51. Bxf6 Bxc7 52. Bc3 Bc6 53. Ke3 Bb6+ 54. Kd2 Bc5 55. e5 dxe5 56. Bxe5 Bd6 0-1


[Site "https://www.chess.com"]